Map: 2000 Atmospheres LE

Players

FuWeiKe

  • Race: Protoss Protoss
  • League: Diamond

ViBE - Winner!

  • Race: Terran Terran
  • League: Diamond

VOD

Have the link to the VOD?

Description

Time

  • Played on: April 15, 2021, 8:21 p.m.
  • Length: 19:33
Show
View Real Time Build Order
Export as new Build Order

FuWeiKe Protoss 

Build Orders: 1 Gate Expand 

Get SALT Encoding   

  12  0:00  Probe  
  13  0:12  Probe  
  14  0:20  Pylon  
  14  0:24  Probe  
  15  0:38  Gateway, Probe  
  16  0:50  Probe  
  17  1:08  Nexus  
  17  1:15  Assimilator  
  17  1:18  Probe  
  18  1:27  Cybernetics Core  
  18  1:30  Probe  
  19  1:38  Pylon  
  19  1:42  Probe  
  20  1:54  Probe  
  20  1:57  Warp Gate (Chrono Boost)  
  20  1:58  Gateway  
  21  2:07  Probe  
  22  2:08  Adept (Chrono Boost)  
  24  2:19  Probe  
  24  2:20  Probe  
  26  2:31  Probe  
  26  2:32  Probe  
  26  2:34  Gateway  
  28  2:45  Adept  
  30  2:51  Probe  
  31  3:06  Assimilator  
  31  3:13  Probe  
  31  3:14  Probe  
  33  3:25  Probe  
  33  3:26  Probe  
  34  3:30  Stalker  
  34  3:34  Adept x2  
  37  3:37  Probe  
  37  3:40  Probe  
  39  3:49  Probe  
  39  3:55  Probe  
  39  3:59  Adept x2  
  39  4:00  Adept  
  39  4:01  Probe  
  46  4:06  Pylon  
  46  4:10  Robotics Facility  
  46  4:18  Pylon  
  46  4:23  Probe x2  
  40  4:35  Probe x2  
  40  4:41  Stalker x3  
  44  4:46  Assimilator  
  44  4:47  Assimilator  
  44  4:48  Pylon, Probe x2  
  46  4:58  Immortal (Chrono Boost)  
  46  5:00  Probe x2  
  52  5:07  Stalker x2  
  52  5:12  Stalker, Probe x2  
  56  5:24  Probe x2  
  52  5:36  Probe x2  
  52  5:48  Probe x2  
  54  5:50  Pylon  
  54  5:52  Immortal  
  54  5:55  Robotics Facility  
  58  5:58  Pylon  
  58  6:00  Probe x2  
  58  6:01  Gateway  
  58  6:03  Gateway  
  60  6:04  Gateway  
  60  6:08  Sentry  
  60  6:10  Stalker  
  64  6:12  Probe x2  
  66  6:24  Probe x2  
  68  6:36  Probe x2  
  68  6:39  Observer (Chrono Boost)  
  71  6:40  Immortal (Chrono Boost)  
  71  6:41  Nexus  
  71  6:42  Pylon  
  71  6:46  Stalker  
  77  6:48  Sentry  
  77  6:50  Probe  
  80  6:54  Probe  
  80  6:59  Immortal  
  85  7:10  Stalker x2  
  85  7:11  Stalker x2  
  93  7:18  Pylon  
  93  7:19  Pylon  
  93  7:41  Probe x2  
  94  7:44  Immortal x2 (Chrono Boost)  
  102  7:55  Forge x2  
  102  7:56  Probe (Chrono Boost)  
  102  7:58  Twilight Council, Probe (Chrono Boost)  
  104  8:03  Shield Battery, Probe (Chrono Boost)  
  105  8:06  Assimilator  
  105  8:08  Probe (Chrono Boost)  
  105  8:09  Probe (Chrono Boost)  
  105  8:10  Assimilator  
  105  8:12  Probe (Chrono Boost)  
  108  8:13  Probe (Chrono Boost)  
  108  8:16  Observer  
  108  8:18  Probe  
  111  8:22  Probe  
  111  8:25  Probe  
  111  8:26  Zealot  
  115  8:30  Probe  
  115  8:32  Immortal  
  120  8:34  Probe  
  120  8:37  Probe  
  120  8:38  Protoss Ground Armor Level 1 (Chrono Boost), Protoss Ground Weapons Level 1 (Chrono Boost)  
  122  8:42  Probe  
  122  8:44  Charge (Chrono Boost)  
  122  8:46  Probe  
  124  8:49  Probe  
  125  8:57  Photon Cannon  
  125  9:00  Photon Cannon  
  125  9:01  Pylon  
  125  9:03  Pylon  
  125  9:06  Pylon  
  125  9:16  Gateway  
  125  9:18  Gateway, Nexus  
  125  9:19  Probe x3  
  125  9:24  Pylon  
  128  9:28  Pylon  
  128  9:31  Probe  
  129  9:35  Pylon  
  128  9:40  Pylon, Probe  
  128  9:41  Probe  
  128  9:43  Probe, Zealot x4  
  128  9:44  Zealot x2  
  143  9:48  Templar Archives  
  143  9:49  Photon Cannon  
  143  9:53  Probe x2  
  143  9:54  Photon Cannon  
  143  9:56  Pylon  
  143  9:59  Photon Cannon  
  145  10:10  Blink, Immortal  
  149  10:35  Assimilator  
  149  10:36  Assimilator  
  149  10:39  Shield Battery  
  149  10:40  Shield Battery, Gateway  
  149  10:43  Gateway  
  149  10:46  Gateway  
  149  10:49  Gateway  
  149  10:51  Pylon  
  149  10:54  Pylon  
  149  10:59  Gateway  
  149  11:00  Gateway  
  149  11:01  High Templar  
  149  11:02  High Templar x4, Gateway, Pylon  
  149  11:03  High Templar, Photon Cannon  
  149  11:04  High Templar, Photon Cannon  
  163  11:07  Protoss Ground Armor Level 2 (Chrono Boost), Archon x3  
  163  11:08  Protoss Ground Weapons Level 2 (Chrono Boost)  
  163  11:14  Immortal (Chrono Boost)  
  163  11:17  Observer (Chrono Boost)  
  168  11:24  Photon Cannon  
  168  11:27  Photon Cannon  
  168  11:32  Photon Cannon  
  168  11:34  Gateway  
  168  11:36  Gateway  
  168  11:37  High Templar  
  168  11:38  High Templar x5  
  168  11:39  High Templar, Nexus  
  182  11:41  Pylon  
  182  11:55  Assimilator  
  182  11:58  Assimilator  
  182  12:02  Pylon  
  182  12:03  Pylon  
  182  12:04  Forge  
  182  12:08  High Templar x2  
  184  12:09  Dark Shrine, Archon  
  184  12:10  Nexus, Archon x2  
  184  12:12  Archon  
  184  12:14  Zealot x4  
  184  12:15  Zealot x2  
  198  12:28  Archon  
  190  13:03  Protoss Shields Level 1 (Chrono Boost)  
  168  13:13  Stargate  
  108  13:28  Dark Templar x6  
  108  13:29  Dark Templar x6  
  108  13:30  Dark Templar  
  134  13:48  Shadow Stride (Chrono Boost)  
  134  13:54  Stargate  
  134  13:56  Stargate  
  134  13:58  Pylon  
  118  14:23  Dark Templar x4  
  118  14:24  Dark Templar x2  
  120  14:43  Fleet Beacon  
  108  15:03  Immortal x2  
  108  15:05  Zealot x4  
  108  15:06  Zealot x7  
  138  15:07  Zealot x5  
  147  15:27  Zealot  
  147  15:28  Zealot x5  
  155  15:29  Zealot x3  
  164  15:38  Tempest x3 (Chrono Boost)  
  179  15:45  Immortal x2  
  187  15:51  Zealot x2  
  187  15:52  Zealot x4  
  125  16:21  Mothership (Chrono Boost)  
  111  16:26  Tempest x3 (Chrono Boost)  
  111  16:29  Immortal x2  
  133  17:03  Tempest x2 (Chrono Boost)  
  133  17:05  Dark Templar x2  
  133  17:07  Zealot x6  
  133  17:08  Zealot x3  
  136  17:13  Tempest (Chrono Boost)  
  136  17:23  Assimilator  
  136  17:28  Assimilator  
  136  17:36  Immortal x2  
  142  17:44  Tempest  
  147  17:55  Zealot x5  
  147  17:56  Dark Templar  
  135  18:09  Zealot  
Show
View Real Time Build Order
Export as new Build Order

ViBE Terran - Winner!

Build Orders: 2 Factory, Reaper Expand, Mech 

Get SALT Encoding   

  12  0:00  SCV  
  13  0:12  SCV  
  14  0:22  Supply Depot  
  14  0:24  SCV  
  15  0:44  SCV  
  15  0:45  Barracks  
  15  0:49  Refinery  
  16  0:56  SCV  
  17  1:09  SCV  
  18  1:21  SCV  
  19  1:33  Orbital Command  
  19  1:36  Reaper  
  20  1:41  Command Center  
  20  2:00  Supply Depot, SCV  
  21  2:12  SCV  
  21  2:14  Marine  
  23  2:19  Factory, Refinery  
  23  2:24  SCV  
  23  2:27  Bunker  
  24  2:36  SCV  
  25  2:37  Barracks Reactor  
  25  2:48  SCV  
  26  2:55  Orbital Command  
  26  3:00  SCV  
  26  3:01  Supply Depot  
  27  3:09  Factory Tech Lab  
  27  3:11  Factory  
  27  3:13  Marine x2, SCV  
  30  3:24  SCV  
  30  3:25  SCV  
  32  3:36  SCV  
  32  3:37  SCV  
  32  3:38  Marine x2  
  32  3:39  Siege Tank  
  40  3:48  SCV  
  40  3:49  SCV  
  40  3:50  Supply Depot  
  40  4:01  Marine x2  
  40  4:02  Factory Tech Lab  
  42  4:06  SCV x2  
  43  4:35  Siege Tank x2  
  43  4:36  SCV x2  
  48  4:48  SCV x2  
  48  4:52  Refinery  
  50  4:53  Refinery  
  50  5:00  SCV x2  
  50  5:02  Supply Depot x2  
  52  5:09  Supply Depot  
  52  5:12  Supply Depot  
  49  5:24  Siege Tank x2  
  49  5:26  SCV  
  49  5:27  SCV  
  53  5:39  SCV x2  
  55  5:49  Command Center  
  55  5:51  SCV x2  
  55  5:55  Supply Depot  
  55  5:56  Armory, Siege Tank x2  
  63  6:03  SCV x2  
  65  6:11  Factory  
  65  6:15  SCV x2  
  65  6:17  Engineering Bay  
  67  6:27  SCV x2  
  67  6:29  Siege Tank x2  
  75  6:39  SCV x2  
  77  6:47  Missile Turret  
  77  6:48  Missile Turret  
  77  6:51  SCV x2  
  77  6:53  Missile Turret  
  79  6:55  Missile Turret  
  79  6:56  Hellion x2  
  79  6:58  Terran Vehicle Weapons Level 1  
  79  7:01  Orbital Command  
  83  7:03  SCV x2  
  83  7:04  Command Center  
  85  7:12  Thor  
  91  7:15  SCV x2  
  93  7:23  Thor  
  93  7:25  Hellion  
  101  7:32  Supply Depot  
  101  7:33  Armory  
  101  7:34  Orbital Command  
  101  7:40  Supply Depot x2  
  101  7:53  SCV x2  
  101  7:54  Hellion  
  105  8:05  SCV x3  
  106  8:07  Thor  
  106  8:08  Thor  
  120  8:17  SCV x2  
  120  8:18  Missile Turret  
  123  8:22  Missile Turret  
  123  8:25  SCV  
  123  8:39  Hellion x2  
  123  8:41  Terran Vehicle And Ship Armor Level 1  
  127  8:43  Neosteel Armor  
  127  8:49  SCV  
  127  8:50  Refinery, SCV x2  
  127  8:51  Refinery  
  130  9:01  Command Center  
  130  9:10  SCV  
  130  9:11  SCV x2  
  130  9:16  Thor, Supply Depot x4, Terran Vehicle Weapons Level 2  
  139  9:34  Planetary Fortress  
  139  9:36  Missile Turret  
  139  9:37  Hellion x2  
  139  9:38  SCV x3  
  146  9:39  Thor  
  152  9:50  Factory, SCV x2  
  152  9:51  Factory x2  
  152  9:52  Factory, SCV  
  155  9:59  Refinery  
  155  10:00  Thor  
  155  10:01  Refinery  
  155  10:04  Hellbat  
  155  10:05  Hellbat  
  163  10:29  SCV x2  
  163  10:35  Thor  
  171  10:37  Hellbat  
  171  10:38  Hellbat, Factory Tech Lab  
  171  10:39  Factory Tech Lab x2  
  171  10:40  Factory Reactor  
  175  10:43  Thor  
  175  10:45  Terran Vehicle And Ship Armor Level 2  
  175  10:49  Starport  
  181  10:52  Planetary Fortress  
  181  11:07  Missile Turret  
  181  11:08  Command Center  
  181  11:22  Siege Tank x2  
  187  11:27  Supply Depot  
  187  11:28  Supply Depot  
  187  11:38  Starport Tech Lab, Terran Vehicle Weapons Level 3  
  187  11:39  Siege Tank  
  198  11:40  Hellion x4  
  198  11:42  Hellion  
  200  11:48  Sensor Tower  
  200  11:51  Sensor Tower  
  200  11:56  Sensor Tower  
  200  12:35  Command Center x2  
  200  12:37  Command Center  
  199  13:05  Siege Tank  
  186  13:18  Siege Tank x4  
  190  13:20  Hellbat x4  
  167  13:27  Factory x4  
  167  13:29  Factory x2  
  167  13:34  SCV x4  
  169  13:36  SCV  
  169  13:37  Raven, Siege Tank  
  177  13:43  Terran Vehicle And Ship Armor Level 3  
  177  13:44  Hi-Sec Auto Tracking  
  177  13:47  Infernal Pre-Igniter  
  177  13:48  Drilling Claws  
  177  13:50  Smart Servos  
  156  14:12  Missile Turret  
  156  14:29  SCV  
  156  14:31  Missile Turret  
  159  14:32  Command Center  
  159  14:33  Orbital Command x3  
  159  14:37  SCV  
  159  14:38  SCV x2  
  160  14:43  Factory Tech Lab x3  
  160  14:44  Factory Tech Lab  
  160  14:45  Factory Reactor x2  
  160  14:54  Thor x3  
  160  14:55  Thor x2  
  160  14:56  Hellbat x2  
  194  15:38  Hellbat x3  
  199  15:51  Planetary Fortress  
  199  15:53  Missile Turret  
  199  15:55  Missile Turret  
  199  15:58  SCV  
  200  16:05  Factory x2  
  172  16:29  Siege Tank x5  
  172  16:30  Hellbat x6  
  194  17:25  Thor  
Tags
 
Add a new tag
Caveats
  • Supply blocks, unpowered buildings, or Contaminate may cause inaccurate times.
  • Supply counts are checked every 10 seconds.